 Dungeon Crawl Stone Soup version 0.29-a0-194-g6e3aafee17 (webtiles) character file.

Game seed: 17758226306621019624

4190 Zeldest the Basher (level 10, 0/92 (102) HPs)
             Began as a Troll Fighter on Feb 22, 2022.
             Slain by a wight
             ... wielding a +3 halberd
              (20 damage)
             ... on level 8 of the Dungeon.
             The game lasted 00:10:01 (7500 turns).

Zeldest the Basher (Troll Fighter)                  Turns: 7500, Time: 00:10:01

HP:   0/92 (102)    AC:  4    Str: 30    XL:     10   Next: 8%
MP:   9/9           EV:  8    Int:  4    God:
Gold: 355           SH:  7    Dex:  9    Spells: 9/9 levels left

rFire   . . .      SeeInvis .   s - +1 hand axe (elec)
rCold   . . .      Faith    .   c - +0 kite shield
rNeg    . . .      Spirit   .   b - +0 robe
rPois   .          Reflect  .   (helmet restricted)
rElec   .          Harm     .   (no cloak)
rCorr   .          Rampage  .   (gloves unavailable)
Will    .....                   (boots unavailable)
Stlth   +.........              (no amulet)
HPRegen 1.05/turn               (no ring)
MPRegen 0.11/turn               (no ring)

@: drained
A: large, unfitting armour, claws 3, regeneration 1, shaggy fur 1, tough skin 1
a: no special abilities


You were on level 8 of the Dungeon.
You visited 2 branches of the dungeon, and saw 9 of its levels.

You collected 407 gold pieces.
You spent 52 gold pieces at shops.

Inventory:

Hand Weapons
 a - a +0 flail
 s - a +1 hand axe of electrocution (weapon)
 t - a +0 giant spiked club
Armour
 b - a +0 robe (worn)
 c - a +0 kite shield (worn)
Jewellery
 x - an amulet of guardian spirit
Wands
 o - a wand of flame (47)
Scrolls
 f - 2 scrolls of amnesia
 j - a scroll of identify
 k - a scroll of enchant armour
 m - a scroll of blinking
 p - a scroll of fear
 r - a scroll of fog
 u - 3 scrolls of brand weapon
 v - 3 scrolls of immolation
Potions
 d - a potion of might
 e - 2 potions of degeneration
 h - a potion of ambrosia
 i - a potion of magic
 l - 2 potions of heal wounds
 q - a potion of resistance
 z - 2 potions of flight


   Skills:
 + Level 7.5 Fighting
 * Level 11.1 Maces & Flails
 - Level 2.4 Dodging
 - Level 2.4 Shields


You had 9 spell levels left.
You didn't know any spells.
Your spell library contained the following spells:

 Spells                   Type           Power      Damage    Failure   Level
 Sublimation of Blood     Necr           0%         N/A       91%         2
 Wereblood                Tmut           0%         N/A       91%         2
 Summon Forest            Summ/Tloc      0%         N/A       100%        5
 Eringya's Noxious Bog    Tmut/Pois      0%         N/A       100%        6
 Summon Hydra             Summ           0%         N/A       100%        7


Dungeon Overview and Level Annotations

Branches:
Dungeon (8/15)             Temple (1/1) D:6
   Lair: D:8-11

Altars:
Ashenzari
Cheibriados
Dithmenos
Elyvilon
Fedhas
Kikubaaqudgha
Makhleb
Nemelex Xobeh
Qazlal
Ru
Sif Muna
Trog
Vehumet
Wu Jian
Xom
Yredelemnul
Zin
The Shining One

Shops:
D:7 *

Annotations:
D:7 exclusion: statue


Innate Abilities, Weirdness & Mutations

You are too large for most types of armour.
You have claws for hands.
Your natural rate of healing is unusually fast.
You are covered in fur. (AC +1)
You have tough skin. (AC +1)


Message History

The howler monkey zombie is heavily damaged.
The howler monkey zombie completely misses you.
You slash the howler monkey zombie!
You destroy the howler monkey zombie!
No target in view!
A wight comes into view. It is wielding a +3 halberd.
A wight is nearby!
A wight comes into view. It is wielding a +5 trident.
There are monsters nearby! 2 wights come into view.
A wight is wielding a +4 great sword of freezing and wearing a +2 robe of willpower.
The wight hits you with a +3 halberd.
You feel drained.
You completely miss the wight. You block the wight's attack.
You barely miss the wight. The wight hits you with a +3 halberd.
You feel drained.
The wight hits you from afar with a +5 trident!
The wight barely misses you.
You closely miss the wight.
The wight hits you from afar with a +5 trident!
The wight hits you with a +3 halberd!
You feel drained.
You are too injured to fight recklessly!
You barely miss the wight. The wight closely misses you.
You block the wight's attack.
You barely miss the wight.
The wight hits you from afar with a +5 trident!
You feel drained. The wight closely misses you.
You closely miss the wight. You block the wight's attack.
The wight hits you with a +3 halberd!
You barely miss the wight.
The wight hits you from afar with a +5 trident!
The wight hits you with a +3 halberd.
* * * LOW HITPOINT WARNING * * *
You feel drained.
* * * LOW HITPOINT WARNING * * *
You closely miss the wight.
The wight hits you from afar with a +5 trident.
* * * LOW HITPOINT WARNING * * *
The wight barely misses you.
The wight hits you from afar with a +3 halberd!!
You die...

################
#......@.zzzz...
######
#.#############.
...... #.#
...... #.#
...... #.#
###### #.# .....
#.# ..... #.#
..... #.#


You could see 4 wights.

Vanquished Creatures
  Pikel (D:7)
  6 yaks
  2 vampire mosquitoes (D:7)
  A water moccasin (D:5)
  A sky beast (D:5)
  2 black bears (D:5)
  2 ogres
  2 necrophages
  4 centaurs
  4 lemures
  A kobold brigand (D:7)
  A scorpion (D:6)
  2 water moccasin zombies
  A wyvern skeleton (D:5)
  7 killer bees (D:7)
  A vampire bat (D:6)
  4 wights
  A bullfrog zombie (D:6)
  A centaur zombie (D:7)
  2 hounds
  An orc priest (D:7)
  A jelly (D:6)
  A gnoll shaman (D:6)
  2 iguanas (D:5)
  2 orc wizards
  2 howler monkey zombies
  7 adders
  4 gnolls
  3 white imps
  3 ufetubi
  2 adder skeletons (D:4)
  3 worms (D:2)
  3 dart slugs
  11 orcs
  2 ball pythons
  3 bat skeletons (D:6)
  2 bat zombies (D:6)
  9 endoplasms
  3 giant cockroaches
  8 goblins
  9 hobgoblins
  5 jackals
  8 kobolds
  3 quokkas
  4 bats
  A frilled lizard (D:1)
  6 rats
154 creatures vanquished.

Vanquished Creatures (collateral kills)
  5 killer bees (D:7)
  A centaur zombie (D:7)
6 creatures vanquished.

Vanquished Creatures (others)
  4 fungi (D:5)
  A plant (D:5)
5 creatures vanquished.

Grand Total: 165 creatures vanquished

Notes
Turn   | Place    | Note
-------+----------+-------------------------------------------
     0 | D:1      | Zeldest the Troll Fighter began the quest for the Orb.
     0 | D:1      | Reached XP level 1. HP: 22/22 MP: 0/0
    35 | D:1      | Reached skill level 2 in Maces & Flails
    68 | D:1      | Reached XP level 2. HP: 29/29 MP: 1/1
   246 | D:1      | Reached XP level 3. HP: 35/36 MP: 2/2
   436 | D:1      | Reached skill level 3 in Maces & Flails
   994 | D:2      | Reached XP level 4. HP: 45/45 MP: 3/3
  1117 | D:2      | Found a faded altar of an unknown god.
  2213 | D:4      | Reached skill level 4 in Maces & Flails
  2287 | D:4      | Reached XP level 5. HP: 36/53 MP: 4/4
  2426 | D:4      | Noticed an ogre
  2435 | D:4      | Killed an ogre
  2638 | D:4      | Found a sacrificial altar of Ru.
  2871 | D:5      | Entered Level 5 of the Dungeon
  2871 | D:5      | Noticed a black bear
  2886 | D:5      | Killed a black bear
  2887 | D:5      | Reached skill level 5 in Maces & Flails
  2887 | D:5      | Reached XP level 6. HP: 32/62 MP: 5/5
  2943 | D:5      | Found a blossoming altar of Fedhas.
  3183 | D:5      | Noticed a sky beast
  3203 | D:5      | Found a sparkling altar of Nemelex Xobeh.
  3238 | D:5      | Killed a sky beast
  3239 | D:5      | Reached XP level 7. HP: 46/70 MP: 6/6
  3310 | D:5      | Reached skill level 6 in Maces & Flails
  3361 | D:5      | Found a white marble altar of Elyvilon.
  3887 | D:6      | Reached skill level 7 in Maces & Flails
  4098 | D:6      | Reached skill level 5 in Fighting
  4152 | D:6      | Reached XP level 8. HP: 80/80 MP: 7/7
  4162 | D:6      | Found a shimmering blue altar of Sif Muna.
  4326 | D:6      | Found an ancient bone altar of Kikubaaqudgha.
  4724 | D:6      | Found a staircase to the Ecumenical Temple.
  4733 | Temple   | Entered the Ecumenical Temple
  4932 | D:6      | Reached skill level 8 in Maces & Flails
  5690 | D:7      | Noticed Pikel
  5861 | D:7      | Killed Pikel
  5862 | D:7      | Reached skill level 9 in Maces & Flails
  5862 | D:7      | Reached XP level 9. HP: 40/91 MP: 8/8
  6067 | D:7      | Found a radiant altar of Vehumet.
  6095 | D:7      | Found Axiosupe's Assorted Antiques.
  6202 | D:7      | Bought a scroll labelled YNTETS OMPU for 26 gold pieces
  6202 | D:7      | Bought a scroll labelled UCAVIRPH ITIDICO for 26 gold
                  | pieces
  6391 | D:7      | Reached skill level 10 in Maces & Flails
  6594 | D:7      | Found a shadowy altar of Dithmenos.
  7196 | D:7      | Reached XP level 10. HP: 31/102 MP: 9/9
  7319 | D:8      | Reached skill level 11 in Maces & Flails
  7500 | D:8      | Slain by a wight

Illustrated notes

Levels and vault maps discovered:
D:1:      dpeg_arrival_simpleton_a, layout_loops_ring, serial_forest,
          infiniplex_forest_clump_medium, infiniplex_forest_clump_medium,
          infiniplex_forest_clump_small, infiniplex_forest_clump_tiny,
          infiniplex_forest_straight_2, infiniplex_forest_corner_1,
          infiniplex_forest_zigzag_1, minmay_tall_x
D:2:      layout_basic, ebering_ecumenical_altar_rust
D:3:      layout_rooms
D:4:      layout_basic, general_overflow_altar
D:5:      layout_loops_ring, elyvilon_altar_5, fedhas_altar_3,
          mainiacjoe_overflow_catwalk, kennysheep_nondescript,
          nicolae_zen_rock_garden, corexii_hall_statues_t
D:6:      layout_layer_cave, kennysheep_vampire_church,
          mainiacjoe_overflow_24_doors, minmay_temple_entry_poolview,
          feat_on_display
D:7:      layout_rooms, vehumet_statue, grunt_dithmenos_smoke, serial_shops,
          shop, uniq_pikel
D:8:      layout_basic, kennysheep_little_box, kennysheep_generic_room_3
Temple:   compressed_dpeg_circular_temple

Skill      XL: |  1  2  3  4  5  6  7  8  9 10 |
---------------+-------------------------------+-----
Maces & Flails | 2 3 4 5 7 9 10 11 | 11.1
Fighting       | 3 4 5 6 7 |  7.5
Dodging        | |  2.4
Shields        | |  2.4

Action                   |  1- 3 |  4- 6 |  7- 9 | 10-12 || total
-------------------------+-------+-------+-------+-------++-------
Melee: Flail             |   119 |    80 |       |       ||   199
       Hand axe          |       |    99 |   358 |    24 ||   481
Evoke: Wand              |       |     2 |     9 |       ||    11
  Use: Potion            |       |       |     5 |       ||     5
       Scroll            |       |       |    16 |       ||    16
Armor: Robe              |    47 |    74 |   119 |     3 ||   243
Dodge: Dodged            |    59 |    91 |   157 |    10 ||   317
Block: Kite shield       |    58 |    85 |   189 |     7 ||   339

Table legend: (Time is in decaauts)
 A = Elapsed time spent in this place.
 B = Non-inter-level travel time spent in this place.
 C = Inter-level travel time spent in this place.
 D = Time resting spent in this place.
 E = Time spent auto-exploring this place.
 F = Levels seen in this place.
 G = Mean time per level.
                   A        B        C        D        E       F      G
               +--------+--------+--------+--------+--------+-----+--------+
         Total |   7686 |   7219 |    467 |    857 |   4648 |   9 |  854.0 |
       Dungeon |   7600 |   7143 |    457 |    857 |   4581 |   8 |  950.0 |
        Temple |     85 |     75 |     10 |      0 |     67 |   1 |   85.0 |
               +--------+--------+--------+--------+--------+-----+--------+

Top non-repeatable levels by time:
     D:6: 1625 daAuts
     D:7: 1381 daAuts
     D:5: 1183 daAuts
     D:2: 990 daAuts
     D:1: 727 daAuts
     D:4: 702 daAuts
     D:3: 544 daAuts
     D:8: 445 daAuts
  Temple: 85 daAuts
